 Dungeon Crawl Stone Soup version 0.20.1-1-g8b1a95d (webtiles) character file.

2257 Ushi the Grappler (level 9, 0/84 HPs)
             Began as a Troll Berserker on Oct 30, 2017.
             Was an Initiate of Uskayaw.
             Slain by a polar bear (3 damage)
             ... created by the rage of Trog
             ... on level 6 of the Dungeon.
             The game lasted 00:16:31 (3880 turns).

Ushi the Grappler (Troll Berserker)                 Turns: 3880, Time: 00:16:31

Health: 0/84       AC:  5    Str: 29    XL:     9   Next: 15%
Magic:  5/8        EV: 12    Int:  3    God:    Uskayaw [......]
Gold:   404        SH:  0    Dex: 10    Spells: 8/8 levels left

rFire    x . .     SeeInvis .     - Unarmed
rCold    + . .     Gourm    +   (no shield)
rNeg     . . .     Faith    .   a - +0 animal skin
rPois    .         Spirit   .   (helmet restricted)
rElec    .         Reflect  .   (no cloak)
rCorr    .         Harm     .   (gloves unavailable)
MR       .....                  (boots unavailable)
Stlth    ++........             j - amulet of regeneration
Regen    1.1/turn               c - ring of ice
MPRegen  0.2/turn               (no ring)

@: no status effects
A: unfitting armour, claws 3, fast metabolism 3, gourmand, regeneration 1,
shaggy fur 1, tough skin 2
a: Renounce Religion


You were on level 6 of the Dungeon.
You worshipped Uskayaw.
Uskayaw was noncommittal.
You were not hungry.

You visited 1 branch of the dungeon, and saw 6 of its levels.

You collected 404 gold pieces.

Inventory:

Armour
 a - a +0 animal skin (worn)
Jewellery
 c - a ring of ice (left claw)
 j - an amulet of regeneration (around neck)
 t - an uncursed amulet of rage {unknown}
 x - an uncursed ring of ice
Wands
 k - a wand of disintegration (7/24)
 o - a wand of lightning (3/15)
 y - a wand of scattershot (4/9)
Scrolls
 d - 5 scrolls of teleportation
 m - 10 scrolls of identify
 n - a scroll of remove curse
 q - a scroll of recharging {unknown}
 r - a scroll of magic mapping {unknown}
 w - a scroll of amnesia {unknown}
 A - a scroll of summoning {unknown}
Potions
 e - 2 potions of haste {unknown}
 f - a potion of agility {unknown}
 g - 2 potions of flight {unknown}
 h - 4 potions of heal wounds
 l - 2 potions of brilliance {unknown}
 s - a potion of ambrosia {unknown}
 u - a potion of berserk rage {unknown}
 v - a potion of degeneration {unknown}
 z - a potion of curing {unknown}
Comestibles
 b - 4 bread rations
 i - 2 royal jellies
 p - 5 fruits


   Skills:
 + Level 4.2 Fighting
 + Level 5.5 Dodging
 + Level 1.8 Stealth
 + Level 9.7 Unarmed Combat


You had 8 spell levels left.
You didn't know any spells.

Dungeon Overview and Level Annotations

Branches:
Dungeon (6/15)
 Temple: D:4-7

Altars:
Hepliaklqana
Nemelex Xobeh
Okawaru
Qazlal
Uskayaw
The Shining One

Shops:
D:4 :   D:6 }*


Innate Abilities, Weirdness & Mutations

You are too large for most types of armour.
You have claws for hands.
Your metabolism is lightning-fast.
You like to eat raw meat.
Your natural rate of healing is unusually fast.
You are covered in fur. (AC +1)
You have very tough skin. (AC +2)


Message History

The black bear claws you but does no damage.
The black bear claws you. The polar bear misses you.
The polar bear claws you but does no damage.
The polar bear closely misses you.
You barely miss the polar bear.
The polar bear is lightly wounded.
The black bear bites you but does no damage.
The black bear claws you but does no damage.
The black bear claws you. The polar bear bites you!!
The polar bear closely misses you. The polar bear claws you.
The polar bear bites you.
* * * LOW HITPOINT WARNING * * *
The polar bear claws you but does no damage.
The polar bear barely misses you.
You barely miss the polar bear.
The polar bear is lightly wounded.
The polar bear bites you!!
* * * LOW HITPOINT WARNING * * *
The polar bear claws you.
You die...

#######
##################.#.#.#
.....hh@hh..............
##################.#.#..
..... ........ . ...#
###.#.#..
#.#####.#######.#.#.#
.....................
.....................
.....................
.#######.###########.#


You could see 2 polar bears and 2 black bears.

Vanquished Creatures
  The ghost of mortelune the Cleaver, a novice MiBe of Trog (D:6)
  The ghost of karf the Poker, an amateur MfGl (D:4)
  The ghost of dengdeng the Shield-Bearer, an amateur GrFi (D:3)
  A hornet zombie (D:6)
  2 ice beasts
  2 ogres (D:6)
  A wyvern zombie (D:6)
  4 scorpions
  A quasit (D:6)
  A hound (D:5)
  3 centaur skeletons
  3 orc priests (D:4)
  Natasha (thrice) (D:4)
  3 iguanas
  2 orc wizards (D:4)
  3 worker ants
  2 hound zombies (D:3)
  2 hound skeletons
  A howler monkey skeleton (D:3)
  Robin (D:2)
  7 adders
  8 gnolls
  A shadow imp (D:5)
  2 worms
  3 dart slugs
  4 leopard geckos
  10 orcs
  A ball python (D:1)
  3 giant cockroaches
  16 goblins
  8 hobgoblins
  6 jackals
  2 quokkas
  A ball python skeleton (D:6)
  4 bats (D:1)
  4 frilled lizards
  A giant cockroach zombie (D:5)
  2 jackal skeletons
  2 kobolds
  A quokka skeleton (D:5)
  13 rats
137 creatures vanquished.

Notes
Turn   | Place    | Note
-------+----------+-------------------------------------------
     0 | D:1      | Ushi the Troll Berserker began the quest for the Orb.
     0 | D:1      | Reached XP level 1. HP: 22/22 MP: 0/0
   131 | D:1      | Reached XP level 2. HP: 29/29 MP: 1/1
   238 | D:1      | Found a glowing golden altar of the Shining One.
   622 | D:1      | Reached XP level 3. HP: 36/36 MP: 2/2
   929 | D:2      | Noticed Robin
   935 | D:2      | Reached ** piety under Trog
   951 | D:2      | Killed Robin
   951 | D:2      | Reached skill level 4 in Unarmed Combat
  1025 | D:2      | Reached XP level 4. HP: 40/44 MP: 3/3
  1029 | D:2      | Found a hazy altar of Hepliaklqana.
  1490 | D:3      | Noticed dengdeng's ghost (amateur GrFi)
  1492 | D:3      | Reached XP level 5. HP: 46/52 MP: 4/4
  1501 | D:3      | Killed dengdeng's ghost
  1501 | D:3      | Reached skill level 5 in Unarmed Combat
  1512 | D:3      | Reached XP level 6. HP: 55/61 MP: 5/5
  1625 | D:3      | Found a faded altar of an unknown god.
  1727 | D:3      | Reached *** piety under Trog
  2252 | D:4      | Reached skill level 6 in Unarmed Combat
  2262 | D:4      | Noticed karf's ghost (amateur MfGl)
  2281 | D:4      | Killed karf's ghost
  2281 | D:4      | Reached XP level 7. HP: 24/67 MP: 6/6
  2303 | D:4      | Found a sparkling altar of Nemelex Xobeh.
  2366 | D:4      | Noticed Natasha
  2377 | D:4      | Killed Natasha
  2377 | D:4      | Reached skill level 7 in Unarmed Combat
  2681 | D:4      | Noticed Natasha
  2685 | D:4      | Found an iron altar of Okawaru.
  2691 | D:4      | Killed Natasha
  2691 | D:4      | Reached skill level 1 in Stealth
  2778 | D:4      | Found Roram's Book Emporium.
  2828 | D:4      | Noticed Natasha
  2835 | D:4      | Killed Natasha
  2918 | D:5      | Entered Level 5 of the Dungeon
  3091 | D:5      | Reached **** piety under Trog
  3091 | D:5      | Reached XP level 8. HP: 75/75 MP: 7/7
  3094 | D:5      | Reached skill level 8 in Unarmed Combat
  3199 | D:5      | Found a stormy altar of Qazlal.
  3202 | D:5      | Noticed an air elemental
  3533 | D:6      | Noticed mortelune's ghost (novice MiBe)
  3556 | D:6      | Killed mortelune's ghost
  3556 | D:6      | Reached skill level 5 in Dodging
  3556 | D:6      | Reached skill level 9 in Unarmed Combat
  3562 | D:6      | Found Kiaqumot's Gadget Shop.
  3572 | D:6      | Noticed a dagger
  3573 | D:6      | Noticed a dagger
  3573 | D:6      | Found a hide-covered altar of Uskayaw.
  3588 | D:6      | Fell from the grace of Trog
  3588 | D:6      | Became a worshipper of Uskayaw the Reveler
  3595 | D:6      | Reached XP level 9. HP: 68/84 MP: 8/8
  3595 | D:6      | Reached * piety under Uskayaw
  3600 | D:6      | Found Ytheckoc's General Store.
  3663 | D:6      | Reached ** piety under Uskayaw
  3874 | D:6      | Noticed a polar bear
  3874 | D:6      | Noticed a polar bear
  3880 | D:6      | HP: 3/84 [polar bear[the rage of Trog] (23)]
  3880 | D:6      | Slain by a polar bear

Skill      XL: |  1  2  3  4  5  6  7  8 |
---------------+-------------------------+-----
Unarmed Combat | 4 5 6 7 9 |  9.7
Dodging        | 3 4 5 |  5.5
Fighting       | 3 4 |  4.2
Stealth        | 1 |  1.8

Action                   |  1- 3 |  4- 6 |  7- 9 || total
-------------------------+-------+-------+-------++-------
Melee: Unarmed           |   101 |   116 |   148 ||   365
       Punch             |     2 |     1 |     4 ||     7
Invok: Berserk           |       |     1 |     5 ||     6
       Stomp             |       |       |     2 ||     2
  Use: Scroll            |     3 |       |       ||     3
 Stab: Sleeping          |       |     1 |     3 ||     4
  Eat: Chunk             |    15 |     2 |    18 ||    35
       Bread ration      |       |       |     1 ||     1
Armor: Animal skin       |    48 |    36 |    62 ||   146
Dodge: Dodged            |    56 |    53 |   118 ||   227
